[Event "85th Armenian Mens-ch 2024"]
[Site "Yerevan"]
[Date "2024.11.25"]
[Round "2.1"]
[White "Sargsyan, Sargis Vach."]
[Black "Piliposyan, Robert"]
[Result "1-0"]
[Annotator "TA"]
[ECO "C83"]
[WhiteElo "2321"]
[BlackElo "2418"]
[PlyCount "131"]
[EventDate "2024.11.24"]
[EventCountry "ARM"]
[SourceTitle "playchess.com"]
[Source "ChessBase"]
[SourceQuality "1"]
[TimeControl "40/5400+30:1800+30"]

1. e4 e5 2. Nf3 Nc6 3. Bb5 a6 4. Ba4 Nf6 5. O-O Nxe4 6. d4 b5 7. Bb3 d5 8. dxe5 Be6 9. Nbd2 Nc5 10. c3 Be7 11. Bc2 d4 12. Nb3 d3 13. Bb1 Nxb3 14. axb3 {[%emt 0:00:02] White is slightly better.} Bf5 15. Be3 O-O 16. Bd4 Qd5 17. Re1 Rfd8 18. h4 d2 19. Qxd2 (19. Bxf5 {with more complications.} dxe1=Q+ 20. Qxe1 Qxb3 21. e6) 19... Bxb1 20. Raxb1 Nxd4 (20... Qxb3 {keeps more tension.} 21. e6 fxe6 22. Qf4 Bd6) 21. Qxd4 Qxb3 22. Qg4 Qe6 23. Qxe6 fxe6 24. Nd4 Bxh4 {[%emt 0:04:51] [#]} 25. g3 ({Don't take} 25. Nxe6 Rd2 26. g3 (26. Nxc7 $2 Bxf2+ 27. Kh2 Rc8 $19) 26... Kf7 $14) (25. Re4 $1 $16 Be7 26. Nxe6) 25... Be7 $14 26. Nxe6 Rdc8 27. f4 Kf7 (27... c5 $14) 28. f5 $16 {[%emt 0:00:45] aiming for Rbd1. White is much more active.} g6 29. g4 gxf5 (29... h5 $16) 30. gxf5 $18 Rg8+ 31. Kh2 $2 (31. Kf1 $18) 31... Rg4 $14 32. Re3 {[%emt 0:00:07][%cal Oe3h3] Threatens to win with Rh3!} Rag8 33. Rh3 $36 {[%emt 0:10:45][%mdl 2048] White has the initiative.} Bh4 34. Kh1 h5 35. Nxc7 Bg3 36. e6+ (36. Nxa6 Bxe5 37. Rxh5 R8g5 38. Rxg5 Rxg5 $16) 36... Kf6 37. Nd5+ (37. Nxa6 Kxf5 38. Rxh5+ Kxe6 $17) 37... Ke5 $1 38. Rd1 {[%emt 0:10:02] e7 is the strong threat.} R4g5 $2 {[%emt 0:10:33][%mdl 8192] [#] This move loses the game for Black.} (38... Rh4 $14 39. Rxh4 Bxh4) 39. e7 $1 $18 Re8 40. f6 {[%emt 0:00:00] White wants to mate with f7.} Ke6 {[%emt 0:00:00] [#]} 41. Rxg3 $1 Rxg3 42. Nc7+ Kxf6 43. Nxe8+ Kxe7 {[%emt 0:00:01][%mdl 4096] Endgame. KRN-KR} 44. Nc7 Rg6 45. Ra1 Rd6 46. Nxa6 Rd2 47. b4 Kd6 48. Rg1 Rc2 49. Rg3 Kd5 50. Rh3 h4 (50... Kc4 $142 51. Rxh5 Rc1+ 52. Kg2 Rc2+ 53. Kf1 Rc1+ 54. Ke2 Rc2+ 55. Kd1 Ra2) 51. Nc7+ Kc4 52. Rxh4+ Kxc3 53. Nxb5+ Kd3 54. Rh3+ Ke4 55. Rb3 Kd5 56. Na3 Rd2 57. Kg1 {[%emt 0:01:00] Prevents Rf2. b5 would now be deadly.} Kc6 58. Kf1 Rh2 59. Rc3+ Kb6 60. Ke1 Rh4 61. Nc2 Rh2 62. Kd1 Kb5 63. Kc1 Ka4 64. Kb2 {[%emt 0:00:24] Intending Rc5 and mate.} Rg2 65. Ra3+ (65. Rc5 $142 Rg5 66. Kc3 Rh5 67. Ne3 Rxc5+ 68. bxc5 Kb5 69. Kd4 Kc6 70. Kc4) 65... Kb5 66. Ra5+ {[%emt 0:00:03] Weighted Error Value: White=0.17 (very precise) /Black=0.35.  Loses game:     	---       	Black=1      Mistake:       	White=2     	Black=3      Inaccurate:     	---       	Black=6      OK:         	White=20    	Black=14     Best:        	White=5     	Black=7      Strong:       	White=1     	Black=1} 1-0

[Event "85th Armenian Mens-ch 2024"]
[Site "Yerevan"]
[Date "2024.11.25"]
[Round "2.2"]
[White "Gasparyan, Erik R."]
[Black "Hakobyan, Erik"]
[Result "1/2-1/2"]
[Annotator "TA"]
[ECO "C54"]
[WhiteElo "2371"]
[BlackElo "2409"]
[PlyCount "38"]
[EventDate "2024.11.24"]
[EventCountry "ARM"]
[SourceTitle "playchess.com"]
[Source "ChessBase"]
[SourceQuality "1"]
[TimeControl "40/5400+30:1800+30"]

1. e4 e5 2. Nf3 Nc6 3. Bc4 Nf6 4. d3 Bc5 5. c3 d6 6. O-O a5 7. Re1 Ba7 8. Nbd2 O-O 9. Nf1 h6 10. h3 Be6 11. Bb5 Ne7 12. d4 c6 13. Bd3 Ng6 14. Ng3 Re8 15. Be3 Qc7 16. Qd2 Rad8 17. Nf5 (17. Rad1 $14) 17... Bxf5 $11 {[%emt 0:13:13] The position is equal.} 18. exf5 Nf8 19. dxe5 Bxe3 {[%emt 0:01:59] Weighted Error Value: White=0.11 (very precise) /Black=0.07 (flawless) .  Mistake:       	White=1     	---        Inaccurate:     	---       	Black=1      OK:         	White=6     	Black=5      Best:        	---       	Black=1} 1/2-1/2

[Event "85th Armenian Mens-ch 2024"]
[Site "Yerevan"]
[Date "2024.11.25"]
[Round "2.4"]
[White "Davtyan, Arsen"]
[Black "Pogosyan, Stefan"]
[Result "1-0"]
[Annotator "TA"]
[ECO "D15"]
[WhiteElo "2400"]
[BlackElo "2407"]
[PlyCount "73"]
[EventDate "2024.11.24"]
[EventCountry "ARM"]
[SourceTitle "playchess.com"]
[Source "ChessBase"]
[SourceQuality "1"]
[TimeControl "40/5400+30:1800+30"]

1. d4 d5 2. c4 c6 3. Nf3 Nf6 4. Nc3 a6 5. e3 Bf5 6. Nh4 Bc8 7. Qc2 b5 8. b3 {[%emt 0:10:52] White is slightly better.} g6 9. Bb2 Bg7 10. Bd3 O-O 11. O-O Nbd7 12. Nf3 Bb7 13. Rad1 Qc7 14. h3 e6 15. c5 b4 16. Na4 a5 17. Qe2 Qc8 18. Ne5 Ba6 19. Bxa6 Qxa6 20. Nd3 Ne4 21. Qe1 f5 22. f3 Ng5 23. h4 Nf7 24. h5 g5 {[%emt 0:02:24] Against Nf4} 25. e4 Nf6 26. Nb6 Rae8 (26... dxe4 $11 27. h6 Bxh6 (27... Nxh6 28. Nxa8 Qxa8 29. fxe4 $14) 28. Nxa8 Rxa8) 27. e5 $1 $36 {[%emt 0:01:29][%mdl 2048] Keeping Black busy.} Nxh5 {[%emt 0:00:04] [#]} 28. g4 $1 ({Reject} 28. Nd7 $6 f4 $11) 28... fxg4 29. fxg4 Nf4 30. Nxf4 gxf4 31. Nd7 $1 Ng5 32. Nxf8 Rxf8 {[%emt 0:00:01] [#]} 33. Bc1 $1 Bh6 $2 {[%emt 0:02:10][%mdl 8192] This costs Black the game.} (33... a4 $16 {is tougher.}) 34. Qh4 $18 Kg7 (34... Qe2 $142) 35. Bxf4 {[%emt 0:00:23] White is clearly winning.} Nh3+ 36. Qxh3 Bxf4 37. Rf2 {[%emt 0:00:43] Weighted Error Value: White=0.05 (flawless) /Black=0.41.  Loses game:     	---       	Black=1      Mistake:       	---       	Black=2      Inaccurate:     	White=1     	Black=3      OK:         	White=13    	Black=17     Best:        	White=2     	---        Strong:       	White=4     	---} 1-0

[Event "85th Armenian Mens-ch 2024"]
[Site "Yerevan"]
[Date "2024.11.25"]
[Round "2.5"]
[White "Agasarov, Benik"]
[Black "Shahinyan, Vladimir"]
[Result "1-0"]
[Annotator "TA"]
[ECO "B40"]
[WhiteElo "2410"]
[BlackElo "2161"]
[PlyCount "49"]
[EventDate "2024.11.24"]
[EventCountry "ARM"]
[SourceTitle "playchess.com"]
[Source "ChessBase"]
[SourceQuality "1"]
[TimeControl "40/5400+30:1800+30"]

1. e4 c5 2. Nf3 e6 3. g3 Nc6 4. Bg2 d5 5. exd5 exd5 6. O-O Nf6 7. d4 Be7 8. h3 O-O 9. Nc3 Ne4 10. Be3 Be6 (10... Nxc3 $142 11. bxc3 cxd4 12. Nxd4 Nxd4 13. cxd4 (13. Bxd4 Be6 $11) 13... Be6) 11. dxc5 Nxc3 (11... Bxc5 $11 {deserves consideration.} 12. Bxc5 Nxc5) 12. bxc3 $14 Qa5 13. Qd3 Bxc5 14. Ng5 g6 15. Nxe6 (15. Bxd5 Bxd5 16. Qxd5 Bxe3 17. Qxa5 Nxa5 $11) 15... fxe6 {[%emt 0:00:06] [#]} 16. Bxd5 $1 Bxe3 (16... Rad8 17. Bxe6+) 17. Bxe6+ Kh8 18. Qxe3 Rae8 {[%emt 0:03:17] Strongly threatening ...Rf6.} 19. Qh6 Qc5 {[%emt 0:05:50] [#]} 20. Rad1 $1 Ne5 (20... Rxe6 $2 {perishes.} 21. Rd7 $18) 21. Bd5 Qxc3 22. Bxb7 Qxc2 23. Rde1 {[%emt 0:04:12][%cal Oe1e5] Black must now prevent Rxe5!.} Qb2 24. Bg2 Nd3 $2 {[%emt 0:01:32][%mdl 8192] [#]} (24... Qc3 $16) 25. Re7 $3 1-0

[Event "85th Armenian Mens-ch 2024"]
[Site "Yerevan"]
[Date "2024.11.25"]
[Round "2.6"]
[White "Babujian, Levon"]
[Black "Sahakyan, Aleks"]
[Result "1-0"]
[Annotator "TA"]
[ECO "D35"]
[WhiteElo "2330"]
[BlackElo "2380"]
[PlyCount "87"]
[EventDate "2024.11.24"]
[EventCountry "ARM"]
[SourceTitle "playchess.com"]
[Source "ChessBase"]
[SourceQuality "1"]
[TimeControl "40/5400+30:1800+30"]

1. d4 d5 2. c4 e6 3. Nc3 Nf6 4. cxd5 exd5 5. Bg5 Bb4 6. e3 h6 7. Bh4 g5 8. Bg3 Ne4 9. Qc2 Bf5 10. Bd3 Nc6 11. Nge2 h5 (11... Nxg3 $11 12. hxg3 Bxd3 13. Qxd3 Qd7) 12. O-O $16 Nxg3 13. Nxg3 ({White should try} 13. fxg3 $16 Be6 14. e4) 13... Be6 14. Nf5 Bf8 {[%emt 0:06:27] Repels Ng7+} 15. a3 Qd7 16. Na4 $36 {[%emt 0:03:10][%mdl 2048] White is more active. A dynamic duo of knights.} Na5 (16... O-O-O $14) 17. Nc5 $18 Bxc5 18. Ng7+ (18. dxc5 $6 O-O-O $16) (18. Qxc5 Nb3 (18... Bxf5 19. Bxf5 Qxf5 20. Qxa5 $14) 19. Ng7+ Kd8 $11) 18... Kd8 19. dxc5 Nc6 20. e4 (20. b4 $18) 20... d4 $16 21. Bb5 {[%emt 0:01:41] White is much more active.} f6 22. Bxc6 bxc6 23. Nxe6+ Qxe6 24. Rad1 Ke7 25. Rxd4 Rad8 {[%emt 0:00:11] Prevents e5.} (25... Qe5 $16 26. Rd3 g4) 26. Ra4 $18 Qe5 27. Rxa7 Rd4 28. Qc3 Rhd8 29. Qg3 Qxg3 30. hxg3 {[%emt 0:00:05][%mdl 4096] Endgame KRR-KRR. White is two pawns up.} R8d7 31. Ra6 Rxe4 32. Rxc6 Re2 33. b4 Ra2 (33... Rb2 $16 34. Ra6 Rdd2) 34. Kh2 ({Don't take} 34. Re1+ $6 Kf7 $16) 34... Kf7 {[%emt 0:05:53] [#]} 35. Ra6 $1 Rb2 36. Ra7 Kg6 (36... Re7 $142 37. c6 g4) 37. c6 Re7 38. Rb7 g4 $2 (38... f5 {keeps fighting.} 39. b5 Kf6) 39. b5 Re4 40. Rxc7 Rxb5 41. Rc1 {[%emt 0:03:48] and Rb7 would now be decisive Against Rc4} Rb2 42. Rc8 Ree2 43. c7 {[%emt 0:00:16] Intending Rg8+ and mate.} Rxf2 44. Rg1 1-0